 Dungeon Crawl Stone Soup version 0.29-a0-613-gf2c431b9b9 (webtiles) character file.

Game seed: 5772855895667317297

62 zeratav the Stinger (level 4, -3/27 HPs)
             Began as an Octopode Venom Mage on June 16, 2022.
             Splashed by a jelly's acid (4 damage)
             ... on level 4 of the Dungeon.
             The game lasted 00:03:33 (3634 turns).

zeratav the Stinger (Octopode Venom Mage)           Turns: 3634, Time: 00:03:33

Health: -3/27      AC: -7    Str: 13    XL:     4   Next: 8%
Magic:  7/7        EV: 13    Int: 19    God:
Gold:   87         SH:  0    Dex: 12    Spells: 7/8 levels left

rFire   . . .      SeeInvis .   f - +0 dagger {short}
rCold   . . .      Faith    .   (no shield)
rNeg    . . .      Spirit   .   (helmet restricted)
rPois   .          Reflect  .   (no amulet)
rElec   .          Harm     .   g - +6 ring of strength
rCorr   .          Rampage  .   (no ring)
Will    .....                   (no ring)
Stlth   +++.......              (no ring)
HPRegen 0.09/turn               (no ring)
MPRegen 0.10/turn               (no ring)
                                (no ring)
                                (no ring)

@: corroded
A: almost no armour, amphibious, 8 rings, camouflage 1, gelatinous body 1,
(nimble swimmer 1), tentacles
a: no special abilities


You were on level 4 of the Dungeon.
You visited 1 branch of the dungeon, and saw 4 of its levels.

You collected 87 gold pieces.


Innate Abilities, Weirdness & Mutations

You cannot wear most types of armour.
You are amphibious.
You can wear up to eight rings at the same time.
Your skin changes colour to match your surroundings (Stealth+).
Your rubbery body absorbs attacks. (AC +1, EV +1)
((You are camouflaged when in or above water. (Stealth+)))
You have tentacles for arms and can constrict up to eight enemies at once.


   Skills:
 - Level 2.0 Dodging
 + Level 3.7 Stealth
 + Level 2.5 Spellcasting
 - Level 1.0 Transmutations
 * Level 4.9 Poison Magic


You had 7 spell levels left.
You knew the following spells:

 Your Spells              Type           Power      Damage    Failure   Level
a - Sting                 Tmut/Pois      52%        1d5       4%          1

Your spell library contained the following spells:

 Spells                   Type           Power      Damage    Failure   Level
 Poisonous Vapours        Pois/Air       22%        N/A       9%          2
 Olgreb's Toxic Radiance  Pois           21%        N/A       22%         4
 Mephitic Cloud           Conj/Pois/Air  8%         N/A       24%         3
 Iskenderun's Battlesphe  Conj           2%         2d6       99%         5
 Iron Shot                Conj/Erth      1%         9d1       100%        6
 Spellforged Servitor     Conj/Summ      1%         N/A       100%        7

Inventory:

Hand Weapons
 f - a +0 dagger (weapon) {short}
   (You took it off a goblin on level 1 of the Dungeon)
Jewellery
 g - a +6 ring of strength (left tentacle)
   (You found it on level 1 of the Dungeon)
 m - a ring of positive energy
   (You found it on level 3 of the Dungeon)
Scrolls
 c - a scroll of enchant weapon {unknown}
 h - a scroll of immolation {unknown}
 i - 4 scrolls of identify {unknown}
 j - a scroll of fear {unknown}
 k - a scroll of amnesia {unknown}
Potions
 a - a potion of magic
 b - 2 potions of mutation {unknown}
 d - 2 potions of berserk rage {unknown}
 e - a potion of attraction {unknown}
 l - a potion of curing {unknown}

Dungeon Overview and Level Annotations

Branches:
Dungeon (4/15) Zot: 20367
 Temple: D:4-7

Altars:
Wu Jian

######## #......#
#......# #......#
#.Jo...## #.#.@o{...##
#.#..{.....# +
####.#####.###...
....... #.# .# #
.......###.###.# .#
........##o#... ..#
........##{#.##...##
.......†.o.o.......[ .
.........).#.##.#######o


You could see a jelly and 2 orcs.


Message History

Done exploring.
Done exploring.
Done exploring.
(D) Dungeon
Where to? (Enter - D:3, ? - help)
There is a stone staircase leading down here.
You climb downwards.
There is a stone staircase leading up here.
You open the door.
There is an open door here.
An orc comes into view. It is wielding a +0 mace.
An orc and an orc wizard come into view.
The orc shouts! x2
A quokka comes into view.
The orc wizard shouts!
You hear a shout!
An orc comes into view. It is wielding a +0 flail.
Okay, then.
A hobgoblin comes into view.
An orc wizard and 3 orcs come into view.
The orc shouts! x2
An orc wizard comes into view. It is wielding a +0 dagger.
The orc shouts!
The orc wizard shouts! x2
You hit the hobgoblin. You grab the hobgoblin. You constrict the hobgoblin.
The hobgoblin barely misses you.
You hit the hobgoblin.
You kill the hobgoblin!
The quokka bites you.
HP[-2]
You take 2 damage, and now have 19/21 hp.
You barely miss the quokka. You grab the quokka. You constrict the quokka.
The quokka completely misses you.
You barely miss the orc. You grab the orc. You squeeze the orc.
You constrict the orc. You constrict the quokka. The quokka barely misses you.
The orc hits you with a +0 short sword. The orc barely misses you.
The orc hits you with a +0 dagger.
HP[-4]
You take 4 damage, and now have 15/21 hp.
You hit the orc.
You tentacle-slap the orc, but do no damage.
You constrict the orc, but do no damage.
You constrict the quokka.
You kill the quokka!
The orc closely misses you. The orc misses you. The orc barely misses you.
You have reached level 4!
HP[+5] MP[+1]
You now have 27 max hp (+6).
You regained 5 hp, and now have 20/27 hp.
Your mp is fully restored (7).
You hit the orc but do no damage. You squeeze the orc, but do no damage.
You constrict the orc.
You kill the orc!
The orc barely misses you.
The orc wizard gestures wildly while chanting.
The orc wizard flickers and vanishes!
Deactivating autopickup; reactivate with Ctrl-A.
The orc wizard gestures wildly while chanting.
The orc wizard flickers and vanishes!
Something hits you. The orc barely misses you.
HP[-2]
You take 2 damage, and now have 18/27 hp.
The orc attacks as you move away! The orc hits you with a +0 short sword.
The orc wizard hits you with a +0 dagger.
HP[-3]
You take 3 damage, and now have 15/27 hp.
The orc attacks as you move away! The orc hits you but does no damage.
An orc and a jelly come into view.
The orc shouts!
The orc wizard casts a spell.
The orc wizard flickers and vanishes!
The orc attacks as you move away! The orc closely misses you.
You see here 10 gold pieces.
The jelly quivers.
You hit the orc. You grab the orc. You constrict the orc.
The orc barely misses you.
HP[+1]
You hit the orc. You squeeze the orc. You constrict the orc.
You kill the orc!
Something barely misses you.
You hit the orc but do no damage. Your grab misses the orc.
The orc hits you with a +0 hand axe.
You hear some strange, mumbled words.
A puff of flame appears from out of thin air!
The puff of flame hits you.
* * * LOW HITPOINT WARNING * * *
HP[-8]
You take 8 damage, and now have 8/27 hp.
MASSIVE DAMAGE!! (PAUSE)
You hit the jelly. The acid corrodes you!
Your tentacles burn!
* * * LOW HITPOINT WARNING * * *
The orc misses you. The jelly closely misses you.
You hear some strange, mumbled words.
A magic dart appears from out of thin air!
The magic dart hits you.
* * * LOW HITPOINT WARNING * * *
HP[-7]
You take 7 damage, and now have 1/27 hp.
MASSIVE DAMAGE!! (PAUSE)
You hit the jelly but do no damage. The acid corrodes you!
Your tentacles burn!
You die...

Skill      XL: |  1 |
---------------+----+-----
Stealth        | 3 |  3.7
Poison Magic   | 4 |  4.9
Dodging        | |  2.0
Spellcasting   | |  2.5
Transmutations | |  1.0

Action                   |  1- 3 |  4- 6 || total
-------------------------+-------+-------++-------
Melee: Unarmed           |     3 |       ||     3
       Constrict         |     8 |     1 ||     9
       Tentacles         |     3 |     2 ||     5
       Dagger            |    20 |     6 ||    26
       Punch             |     1 |       ||     1
 Cast: Sting             |    59 |       ||    59
 Stab: Sleeping          |     5 |       ||     5
Armor: Skin              |     1 |     1 ||     2
Dodge: Dodged            |    30 |     7 ||    37

Levels and vault maps discovered:
D:1:      amcnicky_arrival_choice, layout_basic,
          shapermc_ecumenical_altar_mp_highgroup
D:2:      layout_loops_corners
D:3:      layout_basic, mainiacjoe_overflow_concentric_impassable
D:4:      layout_basic, kennysheep_windowed_goal

Notes
Turn   | Place    | Note
-------+----------+-------------------------------------------
     0 | D:1      | zeratav the Octopode Venom Mage began the quest for the
                  | Orb.
     0 | D:1      | Reached XP level 1. HP: 11/11 MP: 3/3
     0 | D:1      | magus.rc [v1.9.6]
   133 | D:1      | Found a faded altar of an unknown god.
   380 | D:1      | Reached skill level 3 in Stealth
   494 | D:1      | Reached skill level 4 in Poison Magic
   494 | D:1      | Reached XP level 2. HP: 17/17 MP: 1/5
   960 | D:1      | HP: 1/17 [kobold/+0 whip (5)]
  1625 | D:1      | Reached XP level 3. HP: 16/21 MP: 1/6
  2861 | D:3      | You pick up a book of Power and begin reading...
  2861 | D:3      | You add the spells Iskenderun's Battlesphere, Iron Shot and
                  | Spellforged Servitor to your library.
  3367 | D:3      | Found an ornate altar of the Wu Jian Council.
  3620 | D:4      | Reached XP level 4. HP: 20/27 MP: 7/7
  3633 | D:4      | HP: 5/27 [acid (3)]
  3633 | D:4      | HP: 1/27 [something/magic dart (4)]
  3634 | D:4      | Splashed by a jelly's acid

Vanquished Creatures
  An adder (D:3)
  2 dart slugs
  4 orcs
  5 bats
  5 endoplasms
  2 giant cockroaches (D:1)
  4 goblins
  4 hobgoblins
  2 jackals (D:3)
  2 quokkas
  3 ball pythons
  2 frilled lizards
  3 kobolds
  2 rats
41 creatures vanquished.

Table legend:
 A = Non-vault XP
 B = Vault XP
 C = Vault XP percentage of total XP
 D = Non-vault monster count
 E = Vault monster count
 F = Vault count percentage of total count
                 A         B        C        D         E       F
            +---------+---------+-------+---------+---------+-------
      Total |      89 |       0 |   0.0 |      41 |       0 |   0.0
            +---------+---------+-------+---------+---------+-------
        D:1 |      34 |       0 |   0.0 |      20 |       0 |   0.0
        D:2 |      10 |       0 |   0.0 |       4 |       0 |   0.0
        D:3 |      35 |       0 |   0.0 |      13 |       0 |   0.0
        D:4 |      10 |       0 |   0.0 |       4 |       0 |   0.0
            +---------+---------+-------+---------+---------+-------

Illustrated notes

Table legend:
 A = Kills in this place as a percentage of kills in entire the game.
 B = Kills by you in this place as a percentage of kills by you in the entire game.
 C = Kills by friends in this place as a percentage of kills by friends in the entire game.
 D = Other kills in this place as a percentage of other kills in the entire game.
 E = Experience gained in this place as a percentage of experience gained in the entire game.
 F = Experience gained in this place divided by the number of levels of this place that you have seen.
                   A       B       C       D       E      F
               +-------+-------+-------+-------+-------+----------------------
         Total | 100.0 | 100.0 |   N/A |   N/A | 100.0 |  22.2
       Dungeon | 100.0 | 100.0 |   N/A |   N/A | 100.0 |  22.2
               +-------+-------+-------+-------+-------+----------------------

Table legend: (Time is in decaauts)
 A = Elapsed time spent in this place.
 B = Non-inter-level travel time spent in this place.
 C = Inter-level travel time spent in this place.
 D = Time resting spent in this place.
 E = Time spent auto-exploring this place.
 F = Levels seen in this place.
 G = Mean time per level.
                   A        B        C        D        E       F      G
               +--------+--------+--------+--------+--------+-----+--------+
         Total |   3632 |   3562 |     70 |    277 |   3011 |   4 |  908.0 |
       Dungeon |   3632 |   3562 |     70 |    277 |   3011 |   4 |  908.0 |
               +--------+--------+--------+--------+--------+-----+--------+

Top non-repeatable levels by time:
     D:1: 1839 daAuts
     D:3: 902 daAuts
     D:2: 807 daAuts
     D:4: 82 daAuts
